 Dungeon Crawl Stone Soup version 0.31-a0-189-ga26ba32dd1 (webtiles) character file.

Game seed: 9103808001835009386

74 qw the Shooter (level 4, -1/25 HPs)
             Began as a Deep Elf Hunter on June 23, 2023.
             Killed from afar by Sigmund (8 damage)
             ... with a magic dart
             ... on level 2 of the Dungeon.
             The game lasted 00:00:33 (1394 turns).

qw the Shooter (Deep Elf Hunter)                    Turns: 1394, Time: 00:00:33

Health: -1/25      AC:  5    Str: 10    XL:     4   Next: 10%
Magic:  6/6        EV: 11    Int: 14    God:
Gold:   66         SH:  0    Dex: 18    Spells: 3/3 levels left

rFire   . . .        Y - +0 shortbow
rCold   . . .        (shield currently unavailable)
rNeg    . . .        d - +0 ring mail
rPois   .            (no helmet)
rElec   .            (no cloak)
rCorr   .            (no gloves)
SInv    .            (no boots)
Will    .....        (no amulet)
Stlth   +            (no ring)
HPRegen 0.24/turn    (no ring)
MPRegen 0.10/turn

%: no passive effects
@: no status effects
A: no striking features
a: no special abilities


You were on level 2 of the Dungeon.
You visited 1 branch of the dungeon, and saw 2 of its levels.

You collected 66 gold pieces.


   Skills:
 - Level 1.5 Fighting
 + Level 7.5 Ranged Weapons
 - Level 2.4 Dodging
 - Level 1.2 Stealth


You had 3 spell levels left.
You didn't know any spells.
Your spell library was empty.

Inventory:

Hand Weapons
 Y - a +0 shortbow (weapon)
Armour
 d - a +0 ring mail (worn)
Scrolls
 a - 6 scrolls of identify
 b - a scroll of fog {unknown}
Potions
 c - a potion of ambrosia {unknown}

Dungeon Overview and Level Annotations

Branches:
Dungeon (2/15)

Altars:
Trog

Shops:
D:1 ([!

Annotations:
D:2 Sigmund


Message History

You shoot an arrow. The arrow closely misses Sigmund.
Sigmund casts a spell at you. The magic dart hits you.
You shoot an arrow. The arrow closely misses Sigmund.
Sigmund gestures at you while chanting. You resist with some effort.
You shoot an arrow. The arrow hits Sigmund.
Sigmund is heavily wounded.
Sigmund points at you and mumbles some strange words.
The puff of flame hits you.
You shoot an arrow. The arrow barely misses Sigmund.
Sigmund giggles. "Time to reap what you sow."
Sigmund closely misses you.
You shoot an arrow. The arrow barely misses Sigmund.
You shoot an arrow. The arrow hits Sigmund.
Sigmund is severely wounded.
Sigmund closely misses you.
You shoot an arrow. The arrow barely misses Sigmund.
Sigmund points at you and mumbles some strange words.
You are confused.
Sigmund zaps a wand.
The puff of flame hits you! Sigmund casts a spell at you.
You resist with some effort.
Sigmund points at you and mumbles some strange words.
You resist with some effort. Sigmund barely misses you.
You feel less confused.
Sigmund mumbles some strange words.
Sigmund flickers and vanishes!
Deactivating autopickup; reactivate with Ctrl-A.
You shoot an arrow. Something hits you but does no damage.
You shoot an arrow.
You hear a zap.
A puff of flame appears from out of thin air!
The puff of flame misses you.
You shoot an arrow.
A magic dart appears from out of thin air!
The magic dart hits you!
You die...

#.# ##........#######..#..... ..#
###...............##.##....
.######......##########.....%.###
.##.....####.# ######........#
....##### #.# ..............#
.##### #.# .....#........# .....#
#.# .....#........# ####.#
#.####.....#).......# ...#.#
#....@.....########## .<.#.#
######.....# ...#.# {....# ####.#
.....# .....# .....# .....#
###### ######


There were no monsters in sight!

Vanquished Creatures
  3 adders (D:2)
  2 worms (D:2)
  2 dart slugs
  6 ball pythons
  2 bats
  6 endoplasms
  2 giant cockroaches
  A goblin (D:1)
  4 hobgoblins
  2 frilled lizards (D:1)
  3 kobolds
  3 rats
36 creatures vanquished.

Notes
Turn   | Place    | Note
-------+----------+-------------------------------------------
     0 | D:1      | qw the Deep Elf Hunter began the quest for the Orb.
     0 | D:1      | Reached XP level 1. HP: 12/12 MP: 3/3
     0 | D:1      | 0 ||| qw: Version: 0.3-a-9-g12657ce
     0 | D:1      | 0 ||| qw: Game counter: 4430
     0 | D:1      | 0 ||| qw: Always use a shield: true
     0 | D:1      | 0 ||| qw: God list: Okawaru
     0 | D:1      | 0 ||| qw: Allow faded altars: false
     0 | D:1      | 0 ||| qw: Do Orc after D:15 true
     0 | D:1      | 0 ||| qw: Do second Lair branch before Depths: true
     0 | D:1      | 0 ||| qw: Lair rune preference: random
     0 | D:1      | 0 ||| qw: Plans: Normal
     0 | D:1      | 0 ||| PLANNING D:1-11
    52 | D:1      | Found Gitsa's Distillery.
    62 | D:1      | 62 ||| SHOPLISTING 2 potions of curing (84 gold, have 4).
    62 | D:1      | 62 ||| SHOPLISTING potion of cancellation (112 gold, have
                  | 4).
    62 | D:1      | 62 ||| SHOPLISTING potion of enlightenment (70 gold, have
                  | 4).
   180 | D:1      | Found Acuas's Antique Weapon Emporium.
   188 | D:1      | 188 ||| SHOPLISTING runed sling (108 gold, have 14).
   207 | D:1      | Reached skill level 6 in Ranged Weapons
   207 | D:1      | Reached XP level 2. HP: 11/16 MP: 4/4
   390 | D:1      | Found Somaoxeq's Armour Boutique.
   399 | D:1      | 399 ||| SHOPLISTING +0 pearl dragon scales (1100 gold, have
                  | 19).
   399 | D:1      | 399 ||| SHOPLISTING +3 leather armour of fire resistance
                  | (264 gold, have 19).
   648 | D:1      | 648 ||| UPGRADING to +0 ring mail.
   658 | D:1      | 658 ||| DROPPING +0 leather armour.
   659 | D:1      | 659 ||| READING 3 scrolls labelled NEREOCL ENNY.
   660 | D:1      | 660 ||| READING scroll labelled ASEOPP NYEMENATAL.
   661 | D:1      | 661 ||| DRINKING 2 cyan potions.
   662 | D:1      | 662 ||| DROPPING scroll of butterflies.
   663 | D:1      | 663 ||| DROPPING potion of invisibility.
   709 | D:2      | Found a faded altar of an unknown god.
   727 | D:2      | 727 ||| STAIRDANCE
   770 | D:2      | Reached XP level 3. HP: 18/20 MP: 5/5
   864 | D:2      | Reached skill level 7 in Ranged Weapons
   951 | D:2      | Found a bloodstained altar of Trog.
  1170 | D:2      | Reached XP level 4. HP: 22/25 MP: 6/6
  1376 | D:2      | Noticed Sigmund
  1387 | D:2      | HP: 5/25 [Sigmund/puff of flame (7)]
  1394 | D:2      | Killed from afar by Sigmund

Levels and vault maps discovered:
D:1:      dpeg_arrival_rooms_b, layout_loops_ring, serial_shops,
          nicolae_shop_temple_entry_statues_fountains, nicolae_lakefront_shop,
          nicolae_shop_industrial_runoff, minmay_misc_feat_nine_boxes
D:2:      layout_rooms, nicolae_ecumenical_oubliette, basic_altar, st_stairs_7,
          eino_tiny_chamber, uniq_sigmund

Skill      XL: |  1  2  3 |
---------------+----------+-----
Ranged Weapons | 6 7 |  7.5
Fighting       | |  1.5
Dodging        | |  2.4
Stealth        | |  1.2

Action                     |  1- 3 |  4- 6 || total
---------------------------+-------+-------++-------
   Fire: Shortbow          |    99 |    29 ||   128
    Use: Scroll            |     2 |       ||     2
         Potion            |     1 |       ||     1
 Armour: Ring mail         |    14 |     1 ||    15
         Leather armour    |     2 |       ||     2
  Dodge: Dodged            |    33 |     9 ||    42

Table legend:
 A = Non-vault XP
 B = Vault XP
 C = Vault XP percentage of total XP
 D = Non-vault monster count
 E = Vault monster count
 F = Vault count percentage of total count
                 A         B        C        D         E       F
            +---------+---------+-------+---------+---------+-------
      Total |      91 |      16 |  15.0 |      33 |       3 |   8.3
            +---------+---------+-------+---------+---------+-------
        D:1 |      38 |       0 |   0.0 |      21 |       0 |   0.0
        D:2 |      53 |      16 |  23.2 |      12 |       3 |  20.0
            +---------+---------+-------+---------+---------+-------
